[Event "Titled Tuesday Blitz May 30 Late 2023"]
[White "Timmermans, Mark"]
[Black "Rasulov, Vugar"]
[WhiteFideId "1026399"]
[BlackFideId "13402390"]
[WhiteElo "2460"]
[BlackElo "2509"]
[Result "0-1"]
[Round "03"]
[TimeControl "180+2"]
[Date "2023.05.31"]
[WhiteClock "0:01:43"]
[BlackClock "0:01:54"]

1. b4 Nf6 2. Bb2 g6 3. b5 Bg7 4. c4 O-O 5. a4 c6 6. e3 d5 7. Nf3 Re8 8. Be2 Nbd7 9. d4 Ne4 10. O-O e6 11. Nbd2 c5 12. Nxe4 dxe4 13. Nd2 cxd4 14. Nxe4 d3 15. Bxg7 dxe2 16. Qxe2 Kxg7 17. Qb2+ e5 18. Rad1 Qe7 19. Rd2 Nc5 20. Nd6 Rd8 21. Rfd1 Bf5 22. Qa3 b6 23. e4 Be6 24. a5 Kg8 25. h3 Nxe4 26. Nf5 Qxa3 27. Rxd8+ Rxd8 28. Rxd8+ Qf8 29. Ne7+ Kg7 30. Rxf8 Kxf8 31. Nc6 Bxc4 32. Nxa7 bxa5 33. b6 Nd6 34. Nc8 Nb7 0-1


[Site "https://www.chess.com"]

[Event "Titled Tuesday Blitz May 30 Late 2023"]
[White "Kamsky, Gata"]
[Black "Sun, Rick"]
[WhiteFideId "2000024"]
[BlackFideId "30909481"]
[WhiteElo "2660"]
[BlackElo "2169"]
[Result "0-1"]
[Round "03"]
[TimeControl "180+2"]
[Date "2023.05.31"]
[WhiteClock "0:00:01"]
[BlackClock "0:00:15"]

1. d4 Nf6 2. Bf4 d6 3. h3 g6 4. c3 Bg7 5. Nf3 O-O 6. Nbd2 Nc6 7. e4 Nh5 8. Bg5 h6 9. Be3 e5 10. dxe5 dxe5 11. Bc5 Re8 12. Nc4 Qf6 13. Ne3 Be6 14. Ng4 Bxg4 15. hxg4 Nf4 16. Qb3 b6 17. Be3 Rad8 18. Rd1 Rxd1+ 19. Kxd1 Rd8+ 20. Kc2 Qd6 21. Nd2 Nd3 22. Be2 Na5 23. Qa4 Nxf2 24. b4 Nxh1 25. bxa5 Ng3 26. Bc4 Nxe4 27. Bxf7+ Kxf7 28. Qxe4 Qd5 29. a4 Qa2+ 30. Kd1 Qa1+ 31. Kc2 Qa2+ 32. Kd1 Qd5 33. Kc2 Qxe4+ 34. Nxe4 Rd5 35. a6 Ra5 36. Kb3 Rxa6 37. c4 Ra5 38. Bd2 Ra6 39. Bb4 Bf8 40. Bd2 h5 41. gxh5 gxh5 42. Bc3 Bd6 43. Bd2 Kg6 44. Ng3 h4 45. Nh1 Kf5 46. Nf2 e4 47. Nd1 Bf4 0-1


[Site "https://www.chess.com"]

[Event "Titled Tuesday Blitz May 30 Late 2023"]
[White "Rosen, Eric"]
[Black "Hakobyan, Aram"]
[WhiteFideId "2032562"]
[BlackFideId "13306677"]
[WhiteElo "2331"]
[BlackElo "2584"]
[Result "0-1"]
[Round "03"]
[TimeControl "180+2"]
[Date "2023.05.31"]
[WhiteClock "0:00:01"]
[BlackClock "0:00:40"]

1. d4 g6 2. e4 Bg7 3. Nf3 Nf6 4. e5 Ne4 5. Bd3 d5 6. exd6 Nxd6 7. h3 O-O 8. O-O Nc6 9. c3 e5 10. Bg5 f6 11. dxe5 Nxe5 12. Nxe5 fxg5 13. Nc4 Be6 14. Nbd2 Rf4 15. Qe2 Bd5 16. Ne3 Bc6 17. Ndc4 Nxc4 18. Bxc4+ Kh8 19. Rad1 Qe7 20. Rd2 Raf8 21. Bd5 h5 22. Bxc6 bxc6 23. Qd3 Kh7 24. Qd7 Qe5 25. Qxc6 Qxe3 26. fxe3 Rxf1+ 27. Kh2 Be5+ 28. g3 h4 29. Kg2 Bxg3 30. Qd7+ Kh6 31. Qb5 g4 32. Qxf1 gxh3+ 33. Kg1 h2+ 0-1


[Site "https://www.chess.com"]

[Event "Titled Tuesday Blitz May 30 Late 2023"]
[White "Makarian, Rudik"]
[Black "Melikyan, Gnel"]
[WhiteFideId "44105681"]
[BlackFideId "54109990"]
[WhiteElo "2461"]
[BlackElo "2138"]
[Result "1-0"]
[Round "03"]
[TimeControl "180+2"]
[Date "2023.05.31"]
[WhiteClock "0:00:32"]
[BlackClock "0:01:51"]

1. d4 Nf6 2. c4 e6 3. Nf3 d5 4. Nc3 Be7 5. Bf4 O-O 6. e3 b6 7. Qc2 Bb7 8. cxd5 exd5 9. Bd3 Nbd7 10. g4 g6 11. h4 c5 12. h5 c4 13. Be2 Nxg4 14. Rg1 f5 15. hxg6 hxg6 16. Rxg4 fxg4 17. Qxg6+ Kh8 18. Qh6+ Kg8 19. Qg6+ Kh8 20. Kd2 Bh4 21. Rh1 gxf3 22. Bg5 1-0


[Site "https://www.chess.com"]

[Event "Titled Tuesday Blitz May 30 Late 2023"]
[White "Goryachkina, Aleksandra"]
[Black "Muradli, Mahammad"]
[WhiteFideId "4147103"]
[BlackFideId "13409301"]
[WhiteElo "2471"]
[BlackElo "2558"]
[Result "1/2-1/2"]
[Round "03"]
[TimeControl "180+2"]
[Date "2023.05.31"]
[WhiteClock "0:00:04"]
[BlackClock "0:00:03"]

1. e4 c5 2. Nf3 d6 3. Bb5+ Bd7 4. Bxd7+ Qxd7 5. O-O Nf6 6. Re1 Nc6 7. c3 e6 8. d4 cxd4 9. cxd4 d5 10. e5 Ne4 11. Re3 Be7 12. Ne1 f5 13. exf6 Bxf6 14. Nf3 O-O 15. Nc3 Nd6 16. Re1 Nf5 17. Be3 Qf7 18. Qd2 h6 19. Ne2 Rac8 20. Ng3 Nd6 21. Rac1 Nc4 22. Qe2 e5 23. dxe5 N4xe5 24. Bc5 Rfe8 25. Nf5 Nxf3+ 26. Qxf3 Bxb2 27. Rb1 Rxe1+ 28. Rxe1 Ne5 29. Rxe5 Bxe5 30. Nxh6+ gxh6 31. Qg4+ Kh7 32. Qxc8 b6 33. Be3 d4 34. Bd2 Bg7 35. g3 Qxa2 36. Qf5+ Kh8 37. Qc8+ Qg8 38. Qd7 Qa2 39. Qc8+ Kh7 40. Qf5+ Kg8 41. Qc8+ Kf7 42. Qd7+ Kg6 43. Qg4+ Kf7 44. Qd7+ Kg8 45. Qc8+ Bf8 46. Qg4+ Kf7 47. Qxd4 Qb1+ 48. Kg2 Qf5 49. Bf4 Qe6 50. Qd3 Qc6+ 51. f3 Qe6 52. Qh7+ Bg7 53. Qc2 a5 54. Qc7+ Kg8 55. Qb8+ Kh7 56. Qc7 a4 57. Qc2+ Kg8 58. Qxa4 Qe2+ 59. Kh3 Qxf3 60. Qc4+ Kh8 61. Qc8+ Kh7 62. Qf5+ Kg8 63. Qc8+ Kh7 64. Qf5+ Kg8 65. Qc8+ Kh7 1/2-1/2


[Site "https://www.chess.com"]

[Event "Titled Tuesday Blitz May 30 Late 2023"]
[White "Annaberdiyev, Meylis"]
[Black "Ibarra Jerez, Jose Carlos"]
[WhiteFideId "14000563"]
[BlackFideId "2226332"]
[WhiteElo "2416"]
[BlackElo "2638"]
[Result "0-1"]
[Round "03"]
[TimeControl "180+2"]
[Date "2023.05.31"]
[WhiteClock "0:00:14"]
[BlackClock "0:00:08"]

1. e4 c5 2. Nf3 Nc6 3. Bb5 e6 4. O-O Nge7 5. c3 a6 6. Be2 d5 7. exd5 Nxd5 8. d4 cxd4 9. Nxd4 Be7 10. Nxc6 bxc6 11. c4 Nb4 12. Nc3 a5 13. a3 Na6 14. Qxd8+ Bxd8 15. b4 Bf6 16. Bd2 axb4 17. axb4 Rb8 18. b5 cxb5 19. cxb5 Nc5 20. Rab1 O-O 21. Rfc1 Rd8 22. Be3 Nd3 23. Bxd3 Rxd3 24. Ne4 Be7 25. Bf4 Ra8 26. b6 Bb7 27. Rc7 Bxe4 28. Rxe7 Rb3 29. Re1 Rxb6 30. h4 Bd5 31. Rc1 Rc6 32. Rb1 h6 33. Reb7 Ra4 34. Rb8+ Kh7 35. Bg3 Rca6 36. Rc1 Ra1 37. Rxa1 Rxa1+ 38. Kh2 Ra4 39. Rc8 h5 40. Rc7 Kg6 41. Rc3 Rb4 42. Re3 Ra4 43. Rxe6+ Bxe6 0-1


[Site "https://www.chess.com"]

[Event "Titled Tuesday Blitz May 30 Late 2023"]
[White "Moroni, Luca Jr"]
[Black "Arabidze, Meri"]
[WhiteFideId "865834"]
[BlackFideId "13604040"]
[WhiteElo "2569"]
[BlackElo "2405"]
[Result "1-0"]
[Round "03"]
[TimeControl "180+2"]
[Date "2023.05.31"]
[WhiteClock "0:00:34"]
[BlackClock "0:00:02"]

1. d4 f5 2. g3 e6 3. Bg2 Nf6 4. Nf3 d5 5. O-O Bd6 6. b3 Qe7 7. Bb2 O-O 8. Nbd2 c6 9. c4 b6 10. Ne5 Bb7 11. e3 a5 12. a4 Na6 13. cxd5 exd5 14. Rc1 Rac8 15. Ndf3 Ne4 16. Ne1 Nb4 17. N1d3 Ba6 18. Nxb4 axb4 19. Re1 Bxe5 20. dxe5 Rfd8 21. Bh3 g6 22. Bg2 c5 23. h4 h5 24. Qf3 Bb7 25. Red1 Kh7 26. Qf4 Re8 27. f3 Nc3 28. Bxc3 bxc3 29. Rxc3 Rcd8 30. Kf2 Qxe5 31. Qxe5 Rxe5 32. a5 Re6 33. f4 Kh6 34. Rcc1 bxa5 35. Rxc5 Rb6 36. Rd3 Ra8 37. Rc7 Bc6 38. Rc3 Raa6 39. Bf3 a4 40. bxa4 Bxa4 41. Bxd5 Rb2+ 42. Ke1 Rd6 43. Rd3 Rg2 44. Bg8 1-0


[Site "https://www.chess.com"]

[Event "Titled Tuesday Blitz May 30 Late 2023"]
[White "Ibadov, Dashgyn"]
[Black "Terry, Renato"]
[WhiteFideId "24107514"]
[BlackFideId "3803457"]
[WhiteElo "2208"]
[BlackElo "2575"]
[Result "1-0"]
[Round "03"]
[TimeControl "180+2"]
[Date "2023.05.31"]
[WhiteClock "0:00:24"]
[BlackClock "0:00:02"]

1. e4 e6 2. d4 d5 3. Nc3 Nf6 4. e5 Nfd7 5. Nce2 c5 6. c3 cxd4 7. cxd4 f6 8. Nf3 fxe5 9. dxe5 Nc6 10. Nf4 Bb4+ 11. Bd2 O-O 12. Bxb4 Rxf4 13. Bc3 Ndxe5 14. Nxe5 Nxe5 15. Be2 d4 16. O-O Qf6 17. Bd2 Rh4 18. f4 Nc6 19. Bf3 Rh6 20. f5 exf5 21. Bxh6 gxh6 22. Qb3+ Kh8 23. Rae1 Ne5 24. Qd5 Nf7 25. Re8+ Kg7 26. Rfe1 d3 27. Qxd3 Rb8 28. Qa3 Qd6 29. Qc3+ Qf6 30. Rg8+ Kxg8 31. Qxf6 1-0


[Site "https://www.chess.com"]

[Event "Titled Tuesday Blitz May 30 Late 2023"]
[White "Xiong, Jeffery"]
[Black "Zheng, Richard"]
[WhiteFideId "2047640"]
[BlackFideId "2624893"]
[WhiteElo "2726"]
[BlackElo "2642"]
[Result "1-0"]
[Round "03"]
[TimeControl "180+2"]
[Date "2023.05.31"]
[WhiteClock "0:00:29"]
[BlackClock "0:00:03"]

1. e4 c6 2. Nf3 d5 3. d3 g6 4. e5 Bf5 5. d4 e6 6. Be2 c5 7. c3 Nc6 8. O-O h5 9. Be3 Bh6 10. Bxh6 Nxh6 11. h3 cxd4 12. cxd4 Bxb1 13. Rxb1 Nf5 14. Qd2 Qa5 15. b4 Qb6 16. Rfd1 h4 17. a4 O-O 18. b5 Na5 19. Bd3 Nc4 20. Qf4 Rac8 21. Bxf5 exf5 22. Qxh4 Kg7 23. Ng5 Rh8 24. Qf4 Qa5 25. Ra1 Nb2 26. Rd2 Qc3 27. Ra2 Qc1+ 28. Kh2 Nc4 29. Rac2 Qb1 30. Re2 Na3 31. Rxc8 Rxc8 32. e6 f6 33. e7 Re8 34. Ne6+ Kf7 35. Nd8+ Kg7 36. Nxb7 Nc4 37. Nc5 Qf1 38. Re6 Qd1 39. g4 Nd2 40. gxf5 Nf3+ 41. Kg2 Ne1+ 42. Kg3 g5 43. Qg4 Qc1 44. h4 Nc2 45. Kg2 Ne1+ 46. Kh2 Nc2 47. Nd3 Qd2 48. Qh5 Qxd3 49. Qg6+ Kh8 50. Qxe8+ Kg7 51. Qg6+ Kh8 52. e8=Q# 1-0


[Site "https://www.chess.com"]

[Event "Titled Tuesday Blitz May 30 Late 2023"]
[White "Zhao, Erick"]
[Black "Zhigalko, Sergei"]
[WhiteFideId "30946930"]
[BlackFideId "13502956"]
[WhiteElo "2636"]
[BlackElo "2626"]
[Result "0-1"]
[Round "03"]
[TimeControl "180+2"]
[Date "2023.05.31"]
[WhiteClock "0:00:56"]
[BlackClock "0:00:04"]

1. b3 e5 2. Bb2 Nc6 3. c4 Nf6 4. Nc3 Bc5 5. e3 O-O 6. Nge2 Re8 7. g3 d5 8. Bg2 d4 9. Na4 Bf8 10. exd4 Nxd4 11. O-O Bg4 12. f3 Bf5 13. Nxd4 exd4 14. Re1 Qd7 15. Rxe8 Rxe8 16. Qf1 a6 17. c5 h5 18. Re1 Bd3 19. Qf2 Rxe1+ 20. Qxe1 Bb5 21. Qe5 Bxa4 22. bxa4 Qxa4 23. Bxd4 Qd1+ 24. Bf1 Qxd2 25. Be3 Qxa2 26. Qxc7 Nd5 27. Qe5 Nxe3 28. Qxe3 Qc2 29. Qe2 Bxc5+ 30. Kg2 Qxe2+ 31. Bxe2 Kf8 32. f4 g6 33. Kf3 Ke7 34. Ke4 f5+ 35. Kf3 b5 36. h3 Kd6 37. g4 fxg4+ 38. hxg4 hxg4+ 39. Kxg4 Be3 40. Bd3 Kc5 41. Bxg6 Kd4 42. Kf3 Bc1 43. Be8 Kc3 44. f5 Bg5 45. Ke2 b4 46. Bf7 Kb2 47. Kd1 b3 48. Bc4 Kc3 49. Bd5 a5 50. Be6 a4 51. f6 Bxf6 52. Ke2 a3 53. Kf3 a2 0-1


[Site "https://www.chess.com"]

[Event "Titled Tuesday Blitz May 30 Late 2023"]
[White "Grigoriants, Sergey"]
[Black "Do Valle Cardoso, Lucas"]
[WhiteFideId "4130804"]
[BlackFideId "2163144"]
[WhiteElo "2502"]
[BlackElo "2372"]
[Result "1/2-1/2"]
[Round "03"]
[TimeControl "180+2"]
[Date "2023.05.31"]
[WhiteClock "0:00:06"]
[BlackClock "0:00:10"]

1. d4 d5 2. c4 dxc4 3. e3 e5 4. Bxc4 exd4 5. exd4 Nf6 6. Nf3 Bd6 7. O-O O-O 8. h3 h6 9. Nc3 Nc6 10. Re1 a6 11. a3 Re8 12. Rxe8+ Qxe8 13. Qd3 Ne7 14. d5 Bf5 15. Qd4 Bh7 16. g4 c5 17. dxc6 Qxc6 18. Be3 Rc8 19. Ba2 Rd8 20. Ne5 Qc7 21. Rd1 Nc6 22. Nxc6 Bh2+ 23. Kf1 Rxd4 24. Nxd4 Bf4 25. Re1 Bd3+ 26. Kg1 Ne4 27. Nxe4 Bxe4 28. Nf5 Bxf5 29. gxf5 Bxe3 30. Rxe3 Qc1+ 31. Kg2 Kf8 32. Bd5 Qxb2 33. Rb3 Qe5 34. Bxb7 Qxf5 35. Bf3 g5 36. Rb7 a5 37. Bg4 Qd5+ 38. Bf3 Qd6 39. a4 Qf4 40. Bd5 h5 41. Rxf7+ Qxf7 42. Bxf7 Kxf7 43. f4 Kf6 44. fxg5+ Kxg5 45. Kg3 h4+ 46. Kf3 Kf5 47. Ke3 Ke5 48. Kf3 Kf5 49. Ke3 Ke5 50. Kf3 Kf5 1/2-1/2


[Site "https://www.chess.com"]

[Event "Titled Tuesday Blitz May 30 Late 2023"]
[White "Isajevsky, Anton"]
[Black "Durarbayli, Vasif"]
[WhiteFideId "4142500"]
[BlackFideId "13402935"]
[WhiteElo "2510"]
[BlackElo "2551"]
[Result "0-1"]
[Round "03"]
[TimeControl "180+2"]
[Date "2023.05.31"]
[WhiteClock "0:00:24"]
[BlackClock "0:01:14"]

1. c4 c5 2. Nc3 Nf6 3. Nf3 e6 4. g3 b6 5. Bg2 Bb7 6. O-O Be7 7. Re1 d6 8. e4 a6 9. d3 Nbd7 10. Ng5 Qc7 11. f4 Bc6 12. Nh3 b5 13. g4 b4 14. Nb1 h6 15. Nd2 a5 16. Nf2 g5 17. Nf3 gxf4 18. Bxf4 Ne5 19. h3 Nfd7 20. Nh1 h5 21. Nxe5 dxe5 22. Be3 hxg4 23. hxg4 O-O-O 24. Ng3 Bh4 25. Bf2 Rdg8 26. Bf3 Qb7 27. Kg2 f5 28. exf5 exf5 29. gxf5 Rxg3+ 30. Bxg3 Rg8 0-1


[Site "https://www.chess.com"]

[Event "Titled Tuesday Blitz May 30 Late 2023"]
[White "Sanal, Vahap"]
[Black "Principe, Gerson"]
[WhiteFideId "6300545"]
[BlackFideId "3804550"]
[WhiteElo "2606"]
[BlackElo "2229"]
[Result "0-1"]
[Round "03"]
[TimeControl "180+2"]
[Date "2023.05.31"]
[WhiteClock "0:00:31"]
[BlackClock "0:00:05"]

1. Nf3 Nf6 2. b3 e6 3. Bb2 d5 4. g3 Be7 5. Bg2 O-O 6. O-O a5 7. a4 c6 8. d3 b5 9. Nbd2 b4 10. e4 Ba6 11. Re1 Re8 12. Ne5 Bb7 13. Qe2 Nbd7 14. Nef3 Nb6 15. Rad1 Rc8 16. h4 c5 17. e5 Nfd7 18. h5 Qc7 19. h6 g6 20. Nf1 c4 21. Bd4 Nc5 22. Qe3 Ncd7 23. N1h2 Ba6 24. Ng4 Rb8 25. Qf4 cxb3 26. cxb3 Qd8 27. Bh3 Rc8 28. Rd2 Rc6 29. Kg2 Nc5 30. Bxc5 Rxc5 31. Nf6+ Bxf6 32. exf6 Qc7 33. Ne5 Nd7 34. d4 Rc3 35. Re3 Rxe3 36. fxe3 Nxe5 37. dxe5 Qc3 38. Qd4 Rc8 39. Rf2 Qxd4 40. exd4 Rc3 41. Rf3 Bd3 42. Re3 Bc2 43. Rxc3 bxc3 44. Kf2 Bxb3 45. Ke3 Bxa4 46. Kd3 c2 47. Kd2 Bb3 48. Bf1 a4 49. Bd3 a3 50. Bxc2 a2 51. Bxb3 a1=Q 52. Kd3 Qa3 53. Kc3 Qa5+ 54. Kc2 Qb6 55. Kc3 Qc7+ 56. Kb2 Qa5 57. g4 Qe1 58. g5 Qg3 59. Ka3 Qxg5 60. Kb4 Qxh6 61. Kc5 Qe3 62. Bxd5 exd5 63. Kxd5 h5 64. Kc5 h4 65. Kc6 Qxd4 0-1


[Site "https://www.chess.com"]

[Event "Titled Tuesday Blitz May 30 Late 2023"]
[White "Rustemov, Alexander"]
[Black "Krishnan, Varun"]
[WhiteFideId "4119002"]
[BlackFideId "5054508"]
[WhiteElo "2869"]
[BlackElo "2617"]
[Result "1-0"]
[Round "03"]
[TimeControl "180+2"]
[Date "2023.05.31"]
[WhiteClock "0:00:39"]
[BlackClock "0:00:15"]

1. d4 Nf6 2. c4 e6 3. Nf3 d5 4. Nc3 c6 5. e3 Nbd7 6. Qc2 Bd6 7. Bd2 b6 8. O-O-O Bb7 9. Kb1 a6 10. e4 dxe4 11. Nxe4 Nxe4 12. Qxe4 Nf6 13. Qh4 Qe7 14. Bd3 c5 15. d5 O-O-O 16. Rhe1 Qd7 17. Bc3 exd5 18. Bxf6 gxf6 19. Qxf6 Kb8 20. Bf5 Qc7 21. cxd5 Rhe8 22. Re3 h5 23. g3 Rxe3 24. fxe3 Qe7 25. Qxe7 Bxe7 26. e4 f6 27. Nh4 Bd6 28. Bg6 Rh8 29. Rf1 Be5 30. Nf3 Bd6 31. Nd2 Be7 32. Nc4 b5 33. Ne3 Bc8 34. Bf5 h4 35. Bxc8 Kxc8 36. Nf5 Kd7 37. Nxh4 Bd6 38. Rxf6 Be5 39. Rf7+ Kc8 40. Ng6 Re8 41. Nxe5 Rxe5 42. Rf4 c4 43. Kc2 Kc7 44. Kc3 Re8 45. Kd4 Kb6 46. h4 Ka5 47. h5 Rc8 48. h6 b4 49. Rf2 Ka4 50. d6 b3 51. axb3+ cxb3 52. d7 Rd8 53. Rf7 a5 54. e5 Kb4 55. e6 a4 56. Kd3 a3 57. Rf4+ Ka5 58. bxa3 Rb8 59. Rb4 Rd8 60. Rxb3 Ka4 61. Rb7 Kxa3 62. e7 Rg8 63. d8=Q Rxg3+ 1-0


[Site "https://www.chess.com"]

[Event "Titled Tuesday Blitz May 30 Late 2023"]
[White "Kravtsiv, Martyn"]
[Black "Lopez Mulet, Inigo"]
[WhiteFideId "14113147"]
[BlackFideId "22235620"]
[WhiteElo "2695"]
[BlackElo "2289"]
[Result "1-0"]
[Round "03"]
[TimeControl "180+2"]
[Date "2023.05.31"]
[WhiteClock "0:00:16"]
[BlackClock "0:00:19"]

1. e4 c5 2. Nf3 g6 3. d4 cxd4 4. Nxd4 Bg7 5. Nc3 Nc6 6. Be3 Nf6 7. Bc4 O-O 8. Bb3 Re8 9. O-O e6 10. Ndb5 d5 11. exd5 exd5 12. Nxd5 Nxd5 13. Qxd5 Qxd5 14. Bxd5 Bxb2 15. Nd6 Rd8 16. Bxf7+ Kg7 17. Rad1 Rxd6 18. Rxd6 Kxf7 19. f4 Ba3 20. Rd3 Be7 21. Rb1 Bf5 22. Rc3 Nb4 23. Bc5 Nxa2 24. Rxb7 Nxc3 25. Rxe7+ Kg8 26. Bd4 Nb5 27. Be5 Bxc2 28. Rg7+ Kf8 29. Rxh7 Bb3 30. Rb7 Bc4 31. h4 a5 32. f5 gxf5 33. h5 Ra7 34. Rb8+ Kf7 35. Rc8 Be6 36. Rb8 Nc7 37. Rh8 Nb5 38. Rb8 Bd7 39. Rb6 a4 40. h6 Kg8 41. Rb8+ Kh7 42. Rh8+ Kg6 43. Bf4 Be6 44. Re8 Bf7 45. Rb8 a3 46. Rb6+ Kh7 47. Rxb5 a2 48. Be5 a1=Q+ 49. Bxa1 Rxa1+ 50. Kh2 Kxh6 51. Rxf5 Bg6 52. Rf4 Ra2 53. Rg4 Kh5 54. Rg3 Bf5 55. Rg7 Be4 56. Rg3 Kh4 57. Rg7 Bf5 58. Rg8 Bg4 59. Rg7 Bh5 60. Rg8 Ra7 61. g3# 1-0


[Site "https://www.chess.com"]

[Event "Titled Tuesday Blitz May 30 Late 2023"]
[White "Gorovets, Andrey"]
[Black "Mustafayev, Farid"]
[WhiteFideId "13504037"]
[BlackFideId "13408771"]
[WhiteElo "2459"]
[BlackElo "2197"]
[Result "0-1"]
[Round "03"]
[TimeControl "180+2"]
[Date "2023.05.31"]
[WhiteClock "0:00:02"]
[BlackClock "0:00:12"]

1. Nf3 c5 2. c4 Nf6 3. d4 cxd4 4. Nxd4 e6 5. Nc3 a6 6. g3 Qc7 7. Bg2 Nc6 8. O-O Be7 9. b3 b6 10. e4 Bb7 11. Be3 O-O 12. Rc1 Nxd4 13. Bxd4 d6 14. Re1 Nd7 15. Qd2 Rac8 16. f4 Qb8 17. Bf2 Bc6 18. Ne2 Qa8 19. Nd4 Bb7 20. f5 e5 21. Nc2 Nc5 22. Qe2 b5 23. cxb5 axb5 24. Nb4 Qa5 25. Qd2 Na6 26. a3 Qxa3 27. Nxa6 Qxa6 28. Ra1 Qc6 29. Rec1 Qd7 30. Qd3 Rxc1+ 31. Rxc1 Bg5 32. Rd1 Be7 33. Bc5 Rc8 34. Bb4 h5 35. h4 Qc6 36. Kh2 Qc2 37. Kh3 Qxd3 38. Rxd3 g6 39. fxg6 fxg6 40. g4 Kg7 41. gxh5 gxh5 42. Rg3+ Kh6 43. Bf3 Rf8 44. Bd2+ Kh7 45. Kg2 Bxh4 46. Rh3 Be7 47. Rxh5+ Kg6 48. Rh6+ Kg7 49. Re6 Kf7 50. Rh6 Rg8+ 51. Kf2 Rg7 52. Ke2 b4 53. Bh5+ Kg8 0-1


[Site "https://www.chess.com"]

[Event "Titled Tuesday Blitz May 30 Late 2023"]
[White "Petrosyan, Manuel"]
[Black "Mortazavi, Ali"]
[WhiteFideId "13300857"]
[BlackFideId "401323"]
[WhiteElo "2576"]
[BlackElo "2339"]
[Result "1-0"]
[Round "03"]
[TimeControl "180+2"]
[Date "2023.05.31"]
[WhiteClock "0:00:05"]
[BlackClock "0:00:04"]

1. e4 c6 2. d4 d5 3. e5 Bf5 4. Nf3 e6 5. Be2 Ne7 6. O-O Ng6 7. Re1 Nd7 8. Nbd2 f6 9. Nf1 fxe5 10. dxe5 Bc5 11. Ng3 O-O 12. Nxf5 Rxf5 13. Bd3 Rf8 14. Bxg6 hxg6 15. Be3 Rf5 16. g4 Rf8 17. Kg2 Bxe3 18. Rxe3 Rf4 19. Kg3 g5 20. h4 gxh4+ 21. Nxh4 Qg5 22. Ng2 Raf8 23. Nxf4 Qxf4+ 24. Kh3 Qxf2 25. Qe2 Qf4 26. Kg2 Qg5 27. Rf1 Rxf1 28. Kxf1 Qf4+ 29. Kg2 Qd4 30. c3 Qa4 31. b3 Qf4 32. Qf3 Qg5 33. Qg3 Nf8 34. Rf3 Ng6 35. Kh3 Qh6+ 36. Kg2 Nh4+ 37. Kf2 Qd2+ 38. Kg1 Qd1+ 39. Rf1 Qd2 40. Qxh4 Qe3+ 41. Qf2 Qxc3 42. Qf7+ Kh7 43. Qh5+ Kg8 44. Qf7+ Kh7 45. Qf3 Qd4+ 46. Qf2 Qxe5 47. Qh2+ Qxh2+ 48. Kxh2 e5 49. Kg3 Kg6 50. Rf5 e4 51. Kf4 a5 52. a4 b5 53. axb5 cxb5 54. Rxd5 a4 55. Rxb5 axb3 56. Rxb3 1-0


[Site "https://www.chess.com"]

[Event "Titled Tuesday Blitz May 30 Late 2023"]
[White "Holt, Conrad"]
[Black "Kleinman, Michael"]
[WhiteFideId "2034387"]
[BlackFideId "2609479"]
[WhiteElo "2592"]
[BlackElo "2287"]
[Result "1-0"]
[Round "03"]
[TimeControl "180+2"]
[Date "2023.05.31"]
[WhiteClock "0:02:17"]
[BlackClock "0:00:25"]

1. d4 Nf6 2. c4 e6 3. Nc3 Bb4 4. Qc2 O-O 5. e4 d5 6. e5 Ne4 7. Bd3 c5 8. Nf3 Nc6 9. O-O Nxd4 10. Nxd4 cxd4 11. Nxe4 dxe4 12. Bxe4 g6 13. a3 Be7 14. Bh6 Re8 15. Rad1 Bg5 16. Bxg5 Qxg5 17. f4 Qd8 18. Qf2 Qc7 19. Qxd4 a5 20. c5 Rb8 21. Qd6 Re7 22. Qxc7 Rxc7 23. Rd8+ Kg7 24. Rc1 b6 25. c6 b5 26. b3 Rb6 27. Kf2 b4 28. a4 Ba6 29. Ke3 h5 30. Kd4 Bb7 31. Rd6 1-0


[Site "https://www.chess.com"]

[Event "Titled Tuesday Blitz May 30 Late 2023"]
[White "Maksimovic, Bojan"]
[Black "Maurizzi, Marc`Andria"]
[WhiteFideId "14408120"]
[BlackFideId "36083534"]
[WhiteElo "2468"]
[BlackElo "2421"]
[Result "0-1"]
[Round "03"]
[TimeControl "180+2"]
[Date "2023.05.31"]
[WhiteClock "0:00:04"]
[BlackClock "0:00:14"]

1. Nf3 d5 2. g3 Nd7 3. Bg2 e5 4. O-O Ngf6 5. d3 h6 6. Nbd2 Bd6 7. e4 c6 8. Re1 O-O 9. b3 dxe4 10. dxe4 Qe7 11. a3 Rd8 12. Bb2 a5 13. Qc1 b6 14. Bc3 Bc7 15. Qb2 Ba6 16. Bf1 Bxf1 17. Kxf1 b5 18. Qc1 Bb6 19. b4 c5 20. bxa5 Bxa5 21. Bxa5 Rxa5 22. a4 Rxa4 23. Rxa4 bxa4 24. Nc4 Qe6 25. Nfd2 Nb6 26. Nxb6 Qxb6 27. Kg2 Qa5 28. c3 Qa6 29. Nb1 Qc4 30. f3 Rb8 31. Rf1 Qa2+ 32. Nd2 Rb2 33. Rf2 a3 34. Qd1 Qe6 35. Qa4 Qa2 36. Qd1 Kh7 37. h4 Nh5 38. Kh3 Qe6+ 39. Kg2 a2 40. Qa4 Qd6 41. Nf1 Qb6 42. Nd2 c4 43. Qa8 Qe3 44. Qd5 a1=Q 45. Qxe5 Rxd2 46. Qf5+ g6 47. Qxf7+ Ng7 48. Qxg7+ Kxg7 49. g4 Qxf2+ 50. Kh3 Qh1# 0-1


[Site "https://www.chess.com"]

[Event "Titled Tuesday Blitz May 30 Late 2023"]
[White "Milikow, Yoav"]
[Black "Chylewski, Patryk"]
[WhiteFideId "2822237"]
[BlackFideId "1186191"]
[WhiteElo "2410"]
[BlackElo "2163"]
[Result "1-0"]
[Round "03"]
[TimeControl "180+2"]
[Date "2023.05.31"]
[WhiteClock "0:00:38"]
[BlackClock "0:00:02"]

1. c4 e6 2. Nc3 d5 3. d4 a6 4. cxd5 exd5 5. Qb3 Nc6 6. Nf3 Bf5 7. Qxd5 Qxd5 8. Nxd5 O-O-O 9. Ne3 Be4 10. Bd2 Bxf3 11. exf3 Nxd4 12. O-O-O Nf6 13. Bc4 Ne6 14. Bc3 Bc5 15. Nf5 Bxf2 16. Nxg7 Nd4 17. Bxf7 c5 18. Be6+ Kb8 19. Bh3 Rhg8 20. Ne6 Rd6 21. Kb1 Re8 22. Nxc5 Re2 23. Nb3 Ne8 24. Nxd4 Bxd4 25. Rxd4 1-0


[Site "https://www.chess.com"]

[Event "Titled Tuesday Blitz May 30 Late 2023"]
[White "Bruedigam, Martin"]
[Black "Papasimakopoulos, Alexandros"]
[WhiteFideId "24608033"]
[BlackFideId "4244125"]
[WhiteElo "2331"]
[BlackElo "2359"]
[Result "1/2-1/2"]
[Round "03"]
[TimeControl "180+2"]
[Date "2023.05.31"]
[WhiteClock "0:00:10"]
[BlackClock "0:00:07"]

1. d4 e6 2. c4 Bb4+ 3. Nc3 b6 4. Bd2 Bb7 5. Nf3 f5 6. e3 Nf6 7. Bd3 O-O 8. Qc2 Bxc3 9. Bxc3 Ne4 10. b3 d6 11. Bb2 Nd7 12. Rg1 Ndf6 13. h3 h5 14. O-O-O a5 15. a4 Qe7 16. Nh4 Kf7 17. Nf3 g5 18. Rdf1 g4 19. Nd2 Nxd2 20. Qxd2 Be4 21. Be2 Bb7 22. hxg4 hxg4 23. f3 gxf3 24. gxf3 Rh8 25. e4 Rag8 26. exf5 exf5 27. d5 Bc8 28. Bd3 Qf8 29. Kb1 Qh6 30. Qc3 Rxg1 31. Rxg1 Re8 32. Ka2 Qh4 33. Rh1 Qg5 34. f4 Qg6 35. Rg1 Qh6 36. Rh1 Qg6 37. Rg1 Qxg1 38. Qxf6+ Kg8 39. Qh8+ Kf7 40. Qf6+ Kg8 41. Qh8+ Kf7 42. Qf6+ 1/2-1/2


[Site "https://www.chess.com"]

[Event "Titled Tuesday Blitz May 30 Late 2023"]
[White "Tymrakiewicz, Rafal"]
[Black "Bordi, Kevin"]
[WhiteFideId "1108832"]
[BlackFideId "621862"]
[WhiteElo "2151"]
[BlackElo "2769"]
[Result "0-1"]
[Round "03"]
[TimeControl "180+2"]
[Date "2023.05.31"]
[WhiteClock "0:00:02"]
[BlackClock "0:00:44"]

1. d4 d5 2. Bg5 c5 3. e3 Nc6 4. c3 Qb6 5. Qb3 c4 6. Qc2 Bf5 7. Qc1 e5 8. Nf3 Bd6 9. dxe5 Nxe5 10. Nxe5 Bxe5 11. Nd2 Nf6 12. Be2 O-O 13. O-O Rfe8 14. Nf3 Bc7 15. Bxf6 Qxf6 16. g3 Be4 17. Nd4 Re5 18. f4 Ree8 19. Bf3 Bb6 20. Qd2 Re7 21. Rae1 Rae8 22. Kf2 g6 23. Rg1 h5 24. Bd1 Bc5 25. Be2 a6 26. Bd1 b5 27. b4 cxb3 28. axb3 Ba7 29. b4 Rc8 30. Be2 Rec7 31. Rc1 h4 32. Bf3 Qe7 33. g4 h3 34. g5 Kg7 35. Rg3 Qd7 36. Bg4 Bf5 37. Bxf5 gxf5 38. Rxh3 Re8 39. Rg3 Re4 40. h4 Rc8 41. h5 Rce8 42. h6+ Kg6 43. Rh1 a5 44. Qd1 Kh7 45. Qh5 Rg8 46. g6+ fxg6 47. Qg5 axb4 48. cxb4 Bxd4 49. exd4 Rxd4 50. Qf6 Rxf4+ 51. Kg2 d4 52. Re1 Re4 53. Rxe4 fxe4 54. Rg5 e3 55. Re5 Qg4+ 56. Kh2 Kxh6 0-1


[Site "https://www.chess.com"]